 Dungeon Crawl Stone Soup version 0.21.1-1-g345015fe64 (webtiles) character file.

473 Gargoyl the Skirmisher (level 6, 0/52 HPs)
             Began as a Centaur Abyssal Knight on Apr 5, 2018.
             Was a Believer of Lugonu.
             Killed by nerve-wracking pain
             ... invoked by an orc priest
              (6 damage)
             ... on level 4 of the Dungeon.
             The game lasted 00:07:05 (3814 turns).

Gargoyl the Skirmisher (Centaur Abyssal Knight)     Turns: 3814, Time: 00:07:05

Health: 0/52       AC:  9    Str: 14    XL:     6   Next: 83%
Magic:  8/8        EV:  4    Int: 11    God:    Lugonu [**....]
Gold:   255        SH:  0    Dex: 11    Spells: 5/5 levels left

rFire    . . .     SeeInvis .   a - +1 hand axe
rCold    . . .     Gourm    .   (no shield)
rNeg     . . .     Faith    .   g - +0 chain mail
rPois    +         Spirit   .   h - +0 helmet
rElec    .         Reflect  .   f - scarf {repulsion}
rCorr    .         Harm     .   (no gloves)
MR       .....                  (no barding)
Stlth    ..........             (no amulet)
HPRegen  0.17/turn              (no ring)
MPRegen  0.11/turn              (no ring)

@: repel missiles, very quick
A: large, hooves 3, deformed body, speed 2, sense surroundings 1, poison
resistance, tough skin 3
a: Depart the Abyss, Bend Space, Renounce Religion


You were on level 4 of the Dungeon.
You worshipped Lugonu.
Lugonu was pleased with you.
You were hungry.

You visited 1 branch of the dungeon, and saw 6 of its levels.
You visited the Abyss 1 time.

You collected 255 gold pieces.

Inventory:

Hand Weapons
 a - a +1 hand axe (weapon)
Armour
 f - a scarf of repulsion (worn)
 g - a +0 chain mail (worn)
 h - a +0 helmet (worn)
Scrolls
 d - 4 scrolls of enchant weapon
 i - a scroll of teleportation
 k - 2 scrolls of identify
Potions
 e - a potion of might (quivered) {unknown}
 j - a potion of mutation
 l - a potion of ambrosia {unknown}
Comestibles
 b - a chunk of flesh
 c - 6 rations


   Skills:
 + Level 4.1 Fighting
 + Level 4.0 Axes
 + Level 0.1 Throwing
 * Level 3.3 Armour
 + Level 1.1 Dodging
 * Level 3.7 Invocations


You had 5 spell levels left.
You didn't know any spells.

Dungeon Overview and Level Annotations

Branches:
Dungeon (6/15)
 Temple: D:4-7

Altars:
Elyvilon
The Shining One

Shops:
D:4 ?:

Annotations:
D:3 Bal's ghost, amateur MiFi
D:4 Neles's ghost, amateur HuGl; Robin


Innate Abilities, Weirdness & Mutations

You have hooves in place of feet.
Armour fits poorly on your strangely shaped body.
You cover ground very quickly.
You have extremely tough skin. (AC +3)
You passively map a small area around you.
Your system is resistant to poisons. (rPois)


Message History

Robin throws the goblin at you!
The orc wizard gestures wildly while chanting.
The orc wizard blinks!
The goblin hits you but does no damage.
The orc priest casts a cantrip, but nothing happens.
Neles's ghost screams, "There is no future for me!"
Neles's ghost barely misses you.
You completely miss the orc priest. You kick the orc priest.
The orc priest is heavily wounded.
You hit the orc but do no damage. You hit the goblin. You hit Neles's ghost.
The goblin hits you.
* * * LOW HITPOINT WARNING * * *
The orc priest hits you but does no damage.
Neles's ghost hits you.
* * * LOW HITPOINT WARNING * * *
Quiver which item? (- for none, * to show all) (? for menu, Esc to quit)
Quivering
e - an inky potion for throwing.
The orc wizard barely misses you. The goblin hits you but does no damage.
The orc priest calls down the wrath of Beogh upon you.
Pain shoots through your body!
You die...

....#..........#
.ggoo...###.##.#
, .g..#.#.#
#.##.# ...,#.#)#
#.##.# , . . #.#
#.##.#
...####)###.##.#
,#........#.##.#
,
####....W#.##.#
,
.......go@g##.#
#####'#oo####.#
, * .'∩+..# #.#
, ,..#'####
#.###### *
#.###. #......#
, # #. ######.#
* .## * # #.# *
... *.# #∩#
*#W###.# #.#


You could see Robin, an orc priest, an orc wizard, Neles's ghost, an orc and a
goblin.

Vanquished Creatures
  An ogre (D:5)
  A centaur (D:6)
  A bullfrog (D:6)
  A howler monkey (D:4)
  2 worker ants
  6 adders
  2 adder zombies (D:5)
  A dart slug (D:3)
  20 orcs
  5 giant cockroaches
  7 goblins
  3 hobgoblins
  2 jackals (D:3)
  2 quokkas
  A ball python (D:1)
  6 bats
  7 frilled lizards
  A jackal skeleton (D:4)
  4 kobolds
  8 rats
81 creatures vanquished.

Notes
Turn   | Place    | Note
-------+----------+-------------------------------------------
     0 | Abyss:1  | Gargoyl the Centaur Abyssal Knight began the quest for the Orb.
     0 | Abyss:1  | Reached XP level 1. HP: 19/19 MP: 2/2
    55 | Abyss:2  | Noticed a hell hog
    58 | Abyss:2  | Noticed a hell hog
    60 | Abyss:2  | Gained mutation: You passively map a small area around you. [potion of mutation]
    60 | Abyss:2  | Gained mutation: Your system is resistant to poisons. (rPois) [potion of mutation]
    61 | D:1      | Escaped the Abyss
   360 | D:1      | Reached * piety under Lugonu
   474 | D:1      | Reached XP level 2. HP: 26/26 MP: 3/3
  1127 | D:2      | Reached XP level 3. HP: 30/31 MP: 4/4
  1145 | D:2      | Found a white marble altar of Elyvilon.
  1539 | D:3      | Noticed Bal's ghost (amateur MiFi)
  1698 | D:3      | Reached XP level 4. HP: 31/40 MP: 6/6
  1978 | D:3      | You fall through a shaft for 3 floors!
  1978 | D:6      | Noticed a centaur
  1988 | D:6      | Killed a centaur
  1988 | D:6      | Reached skill level 1 in Dodging
  1988 | D:6      | Reached XP level 5. HP: 26/46 MP: 7/7
  2365 | D:6      | Reached ** piety under Lugonu
  2595 | D:6      | Reached XP level 6. HP: 34/52 MP: 8/8
  2614 | D:5      | Entered Level 5 of the Dungeon
  3700 | D:4      | Found a glowing golden altar of the Shining One.
  3738 | D:4      | Noticed Neles's ghost (amateur HuGl)
  3748 | D:4      | Found Qitonabe's Book Shoppe.
  3781 | D:4      | Noticed Robin
  3784 | D:4      | Found Neugemur's Magic Scroll Emporium.
  3814 | D:4      | Killed from afar by an orc priest

Skill      XL: |  1  2  3  4  5  6 |
---------------+-------------------+-----
Axes           | 2 3 4 |  4.0
Invocations    | 3 |  3.7
Armour         | 2 3 |  3.3
Dodging        | 1 |  1.1
Fighting       | 4 |  4.1
Throwing       | |  0.1

Action                   |  1- 3 |  4- 6 || total
-------------------------+-------+-------++-------
Melee: Hand axe          |   109 |   163 ||   272
       Kick              |    13 |    38 ||    51
Throw: Tomahawk          |     1 |     4 ||     5
Invok: Depart the Abyss  |     1 |       ||     1
  Use: Scroll            |     4 |     2 ||     6
       Potion            |     1 |       ||     1
  Eat: Chunk             |     1 |     6 ||     7
Armor: Ring mail         |    17 |       ||    17
       Leather armour    |     2 |       ||     2
       Chain mail        |    51 |   126 ||   177
Dodge: Dodged            |    32 |    41 ||    73
